[Event "ICC tourney 2040 (30 10)"]
[Site "Internet Chess Club"]
[Date "2020.10.04"]
[Round "1"]
[White "Almanac2050"]
[Black "challenger2010"]
[Result "0-1"]
[ICCResult "White resigns"]
[WhiteElo "1757"]
[BlackElo "2144"]
[Opening "Sicilian: dragon, Yugoslav attack, 9...Bd7"]
[ECO "B77"]
[NIC "SI.18"]
[Time "11:07:18"]
[TimeControl "1800+10"]

1. e4 c5 2. Nf3 d6 3. d4 cxd4 4. Nxd4 Nf6 5. Nc3 g6 6. Bc4 Bg7 7. f3 O-O 8.
Be3 Nc6 9. Qd2 Bd7 10. Bb3 Qb8 11. O-O-O b5 12. Nxc6 Bxc6 13. Bd4 a5 14. Nd5
Bxd5 15. Bxd5 Ra6 16. a3 Rc8 17. Kb1 e6 18. Bb3 a4 19. Ba2 Rac6 20. c3 Ne8
21. g4 Bxd4 22. Qxd4 b4 23. cxb4 Qb5 24. Qd3 Rc1+ 25. Rxc1 Qxd3+ 26. Ka1
Rxc1+ 27. Rxc1 Kg7 28. Bb1 Qxf3 29. b5 Qb3 30. Rc8 Qxb5 31. h4 Nf6 32. g5
Nd7 {White resigns} 0-1

[Event "ICC tourney 2040 (30 10)"]
[Site "Internet Chess Club"]
[Date "2020.10.04"]
[Round "1"]
[White "tcao"]
[Black "che8642"]
[Result "1-0"]
[ICCResult "Black checkmated"]
[WhiteElo "2061"]
[BlackElo "1523"]
[Opening "Sicilian: Kan, 5.Nc3"]
[ECO "B43"]
[NIC "SI.41"]
[Time "11:07:17"]
[TimeControl "1800+10"]

1. e4 c5 2. Nf3 e6 3. d4 cxd4 4. Nxd4 a6 5. Nc3 b5 6. a3 Bb7 7. Be3 d6 8.
Be2 Nd7 9. f4 Ngf6 10. Bf3 Nc5 11. e5 dxe5 12. Bxb7 Nxb7 13. fxe5 Nd7 14.
O-O Nxe5 15. Qh5 Qc7 16. Nxe6 Qe7 17. Nd5 Kd7 18. Nxe7 Bxe7 19. Qxe5 fxe6
20. Rad1+ Ke8 21. Qxe6 Nd8 22. Qd7# {Black checkmated} 1-0

[Event "ICC tourney 2040 (30 10)"]
[Site "Internet Chess Club"]
[Date "2020.10.04"]
[Round "1"]
[White "aquilesboy"]
[Black "Xuanli28"]
[Result "1/2-1/2"]
[ICCResult "Game drawn by mutual agreement"]
[WhiteElo "1930"]
[BlackElo "2244"]
[Opening "King's Indian: fianchetto, Uhlmann (Szabo) variation"]
[ECO "E62"]
[NIC "KI.72"]
[Time "11:07:14"]
[TimeControl "1800+10"]

1. Nf3 Nf6 2. c4 g6 3. d4 Bg7 4. g3 O-O 5. Bg2 d6 6. O-O Nc6 7. Nc3 e5 8.
Bg5 Bg4 9. dxe5 dxe5 10. Qxd8 Raxd8 11. Nd5 Rd6 12. Bxf6 Bxf6 13. Nxf6+ Rxf6
14. h3 Bxf3 15. Bxf3 Rd6 16. Rfd1 Rfd8 17. Rxd6 Rxd6 18. Bxc6 Rxc6 19. b3 f5
20. Rd1 Rd6 21. Rxd6 cxd6 22. f3 Kf7 23. Kf2 Ke6 24. e4 f4 25. g4 Kd7 26.
Ke2 Kc6 27. Kd3 Kc5 28. Kc3 a5 29. a3 {Game drawn by mutual agreement}
1/2-1/2

[Event "ICC tourney 2040 (30 10)"]
[Site "Internet Chess Club"]
[Date "2020.10.04"]
[Round "1"]
[White "BreatheChessAls"]
[Black "coolsportsguy"]
[Result "0-1"]
[ICCResult "White resigns"]
[WhiteElo "1920"]
[BlackElo "2325"]
[Opening "Queen's pawn, Mason variation"]
[ECO "D00"]
[NIC "QP.08"]
[Time "11:07:14"]
[TimeControl "1800+10"]

1. d4 d5 2. Bf4 Nf6 3. e3 c5 4. c3 e6 5. Nd2 Bd6 6. Bg3 O-O 7. Ngf3 Qc7 8.
Bd3 Nbd7 9. O-O Bxg3 10. hxg3 e5 11. dxe5 Nxe5 12. Nxe5 Qxe5 13. Nf3 Qc7 14.
Bc2 h6 15. Qd2 b6 16. a4 Bb7 17. a5 Rad8 18. Rfd1 Rfe8 19. axb6 axb6 20. Ra7
Qb8 21. Raa1 g6 22. Nh4 Kg7 23. Qd3 Ne4 24. Qb5 Re6 25. Nf3 Rf6 26. Bxe4
dxe4 27. Nh2 h5 28. Qe2 Rfd6 29. Nf1 Ba6 30. Qe1 Bd3 31. c4 Qb7 32. Qc3+ Kg8
33. Ra3 Qe7 34. Rda1 Qe6 35. b3 Bxf1 36. Rxf1 Rd3 37. Qa1 Qd6 38. Qb1 Qf6
39. Qa1 Qxa1 40. Rfxa1 Kg7 41. Kf1 Rc3 42. Rb1 Rd2 43. Kg1 Rcc2 44. Rf1 Rb2
45. Ra7 Rxb3 46. f3 Rbb2 47. Rfa1 Rxg2+ 48. Kf1 {White resigns} 0-1

[Event "ICC tourney 2040 (30 10)"]
[Site "Internet Chess Club"]
[Date "2020.10.04"]
[Round "1"]
[White "KnightHopper"]
[Black "saathvikdasari"]
[Result "0-1"]
[ICCResult "White resigns"]
[WhiteElo "2021"]
[BlackElo "1359"]
[Opening "French: Winawer, classical variation"]
[ECO "C18"]
[NIC "FR.11"]
[Time "11:07:14"]
[TimeControl "1800+10"]

1. e4 e6 2. d4 d5 3. Nc3 Bb4 4. e5 c5 5. a3 Bxc3+ 6. bxc3 Qc7 7. Bd2 Ne7 8.
Nf3 Nbc6 9. Bd3 Ng6 10. O-O O-O 11. Re1 c4 12. Be2 Bd7 13. a4 f6 14. exf6
Rxf6 15. g3 Raf8 16. Kg2 h6 17. Qc1 e5 18. dxe5 Ncxe5 19. Nxe5 Nxe5 20. Bf4
g5 21. Be3 Ng4 22. Rf1 Nxe3+ 23. Qxe3 Bc6 24. Kg1 Re8 25. Qd4 Qe5 26. Bh5
Qxd4 27. cxd4 Re4 28. c3 Be8 29. Bxe8 Rxe8 30. Rfe1 Rxe1+ 31. Rxe1 Kf7 32.
Re5 Rf3 33. Rxd5 Rxc3 34. Rd7+ Ke6 35. Rxb7 a6 36. Kf1 Rc2 37. Ke1 c3 38. a5
Kd5 39. Rd7+ Ke4 40. d5 Kd3 41. Kf1 Rb2 42. d6 Kd2 43. Rc7 c2 44. d7 Rb8 45.
Kg2 c1=Q 46. Rxc1 Kxc1 47. Kf3 Rd8 48. Kg4 Rxd7 49. Kh5 Rd6 50. f4 gxf4 51.
gxf4 Kd2 52. f5 Ke3 53. h4 Ke4 54. Kg4 Rf6 55. Kh5 Rxf5+ 56. Kxh6 Rxa5 57.
h5 Rxh5+ 58. Kxh5 a5 {White resigns} 0-1

[Event "ICC tourney 2040 (30 10)"]
[Site "Internet Chess Club"]
[Date "2020.10.04"]
[Round "1"]
[White "TjkTiger"]
[Black "Chesssaga"]
[Result "1-0"]
[ICCResult "Black resigns"]
[WhiteElo "2600"]
[BlackElo "2059"]
[Opening "English: four knights, Nimzovich variation"]
[ECO "A28"]
[NIC "EO.09"]
[Time "11:08:09"]
[TimeControl "1800+10"]

1. c4 Nf6 2. Nc3 e5 3. Nf3 Nc6 4. e4 Bc5 5. Nxe5 Nxe5 6. d4 Bb4 7. dxe5 Nxe4
8. Qf3 Nxc3 9. bxc3 Be7 10. Qg3 g6 11. Bh6 d6 12. Be2 Be6 13. Rd1 Qd7 14.
Qe3 Qc6 15. exd6 Bxd6 16. Bg7 Rg8 17. Bf6 Be7 18. Bxe7 Kxe7 19. O-O Rgd8 20.
Rd4 Rd6 21. Bf3 Qb6 22. Qg5+ f6 23. Qh6 Rf8 24. Re1 Rf7 25. Rxd6 Qxd6 26.
Bd5 b6 27. Rxe6+ Qxe6 28. Bxe6 Kxe6 29. h4 c5 30. Qe3+ Kd7 31. Qf4 f5 32. g4
Ke6 33. g5 Re7 34. Qb8 Kf7 35. Kg2 Kg7 36. Qd6 Kf7 37. h5 Re6 38. Qd7+ Re7
39. Qd5+ Re6 40. h6 Ke7 41. Qb7+ {Black resigns} 1-0

[Event "ICC tourney 2040 (30 10)"]
[Site "Internet Chess Club"]
[Date "2020.10.04"]
[Round "1"]
[White "e4f5"]
[Black "Mrpeetapizza"]
[Result "1-0"]
[ICCResult "Black resigns"]
[WhiteElo "2214"]
[BlackElo "1858"]
[Opening "Sicilian: Boleslavsky variation"]
[ECO "B58"]
[NIC "SI.25"]
[Time "11:07:21"]
[TimeControl "1800+10"]

1. e4 c5 2. Nf3 d6 3. d4 cxd4 4. Nxd4 Nf6 5. Nc3 Nc6 6. Be2 e5 7. Nf3 Be6 8.
Bg5 Be7 9. O-O h6 10. Bxf6 Bxf6 11. Qd3 O-O 12. Rad1 Be7 13. Nd5 Bxd5 14.
Qxd5 Qb6 15. Qb3 Qc7 16. c3 Kh8 17. Nd2 a6 18. a4 Rab8 19. Nc4 b5 20. axb5
axb5 21. Ne3 Bg5 22. Nd5 Qb7 23. Nb4 Nxb4 24. Qxb4 Be7 25. Rd5 Qc7 26. g3 f5
27. exf5 Rxf5 28. Bd3 Rf6 29. Rxb5 Rbf8 30. Rb7 Qd8 31. Qe4 g6 32. Bc4 Rf5
33. Be6 R5f6 34. Bd5 Rf5 35. f3 Bg5 36. Qa4 Be3+ 37. Kg2 Qc8 38. Re1 Bc5 39.
Qh4 Rh5 40. Rh7+ Kxh7 41. Qe7+ Kh8 42. g4 Rg5 43. Bb7 Qd8 44. Qxd8 Rxd8 45.
h4 Rb8 46. b4 Bb6 47. Bd5 Rf5 48. gxf5 gxf5 49. Ra1 Kg7 50. Ra6 Kf6 51. Kh3
Ke7 52. c4 Bf2 53. c5 dxc5 54. bxc5 Bxc5 55. Re6+ Kd7 56. Rxe5 Rf8 57. Re6
Rh8 58. Rf6 Be7 59. Rxf5 Kd6 60. Kg4 Rf8 61. Bf7 Bd8 62. Kh5 Ke7 63. Kg6 Bb6
64. h5 Be3 65. Re5+ Kd6 66. Rxe3 Rb8 67. Kxh6 Rb5 68. Kg7 Rg5+ 69. Bg6 Rc5
70. h6 Rc8 71. h7 Rc7+ 72. Bf7 {Black resigns} 1-0

[Event "ICC tourney 2040 (30 10)"]
[Site "Internet Chess Club"]
[Date "2020.10.04"]
[Round "1"]
[White "PawnEatingZombi"]
[Black "davika21"]
[Result "1/2-1/2"]
[ICCResult "Game drawn by repetition"]
[WhiteElo "2201"]
[BlackElo "1912"]
[Opening "QGD: exchange, positional line"]
[ECO "D35"]
[NIC "QO.16"]
[Time "11:07:16"]
[TimeControl "1800+10"]

1. d4 d5 2. c4 e6 3. Nc3 Nf6 4. cxd5 exd5 5. Bg5 Be7 6. e3 c6 7. Bd3 O-O 8.
Qc2 Nbd7 9. Nge2 Re8 10. f3 Nf8 11. O-O h6 12. Bh4 Bd7 13. Rad1 Rc8 14. Kh1
Ne6 15. Bf2 c5 16. dxc5 Bxc5 17. Qb1 Qb6 18. Nd4 Bxd4 19. exd4 Nf4 20. Rd2
Rxc3 21. bxc3 Nxd3 22. Qxd3 Bb5 23. Qb1 Bxf1 24. Qxf1 Qc6 25. Rb2 a6 26. Qd3
b5 27. g4 Rc8 28. Be1 Qc4 29. Qxc4 Rxc4 30. Kg2 Kf8 31. Kf1 Ke7 32. Ke2 Rc6
33. Kd3 Nd7 34. h4 Nb6 35. h5 Nc4 36. Rg2 Re6 37. Bd2 f6 38. Rf2 Nb2+ 39.
Kc2 Nc4 40. Kd3 Nb2+ 41. Kc2 Nc4 42. Kd3 {Game drawn by repetition} 1/2-1/2

[Event "ICC tourney 2040 (30 10)"]
[Site "Internet Chess Club"]
[Date "2020.10.04"]
[Round "1"]
[White "SuperPuzzler"]
[Black "Openyagami"]
[Result "0-1"]
[ICCResult "White checkmated"]
[WhiteElo "1968"]
[BlackElo "2575"]
[Opening "Sicilian: Labourdonnais-Löwenthal (Kalashnikov) variation"]
[ECO "B32"]
[NIC "SI.32"]
[Time "11:07:16"]
[TimeControl "1800+10"]

1. e4 c5 2. Nf3 Nc6 3. d4 cxd4 4. Nxd4 e5 5. Nb5 d6 6. N1c3 a6 7. Na3 b5 8.
Nd5 Nge7 9. Bg5 h6 10. Bxe7 Bxe7 11. c4 b4 12. Nc2 Rb8 13. b3 O-O 14. Be2
Be6 15. O-O a5 16. Qd3 Qd7 17. Rad1 Rfd8 18. Kh1 Kh8 19. Bf3 Qa7 20. g3 Bf8
21. Bg2 g6 22. f4 exf4 23. gxf4 Bg7 24. Qd2 Qc5 25. f5 Bxd5 26. exd5 Ne5 27.
f6 Bf8 28. Nd4 Re8 29. h3 Kh7 30. Nc6 Rbc8 31. Rfe1 h5 32. Nxe5 dxe5 33. Be4
Bh6 34. Qe2 Kh8 35. Qg2 Qd6 36. Bxg6 Rg8 37. Qf3 Rxg6 38. Qxh5 e4 39. Rxe4
Qg3 40. Re2 Rcg8 41. d6 Kh7 42. Qf5 Bf4 43. c5 Qf3+ 44. Rg2 Qxg2#
{White checkmated}
0-1

[Event "ICC tourney 2040 (30 10)"]
[Site "Internet Chess Club"]
[Date "2020.10.04"]
[Round "1"]
[White "chesslin"]
[Black "jy2020"]
[Result "1-0"]
[ICCResult "Black resigns"]
[WhiteElo "1905"]
[BlackElo "2194"]
[Opening "Queen's pawn: London system"]
[ECO "A45"]
[NIC "QP.07"]
[Time "11:07:15"]
[TimeControl "1800+10"]

1. d4 Nf6 2. Bf4 d5 3. e3 e6 4. Nd2 Bd6 5. Bg3 c5 6. c3 O-O 7. Bd3 b6 8.
Ngf3 Bb7 9. Bxd6 Qxd6 10. Ne5 Nbd7 11. f4 Ne4 12. O-O f6 13. Nxd7 Qxd7 14.
Nf3 Qe7 15. Qe2 a6 16. Qc2 Rac8 17. Bxe4 dxe4 18. Nd2 cxd4 19. exd4 f5 20.
Rae1 Qd6 21. Qd1 Bd5 22. Rf2 b5 23. a3 a5 24. Re3 Bc4 25. a4 b4 26. b3 Bd3
27. Rxd3 exd3 28. Nc4 Qd5 29. Qxd3 Qe4 30. Qxe4 fxe4 31. cxb4 axb4 32. g3
Rfd8 33. Rd2 g5 34. Kf2 gxf4 35. gxf4 Kf7 36. Ke3 Kf6 37. Kxe4 Rc7 38. Rd3
Rcd7 39. Ne5 Rd6 40. Rd2 Rc8 41. Nc4 Rdd8 42. Rd3 Rc7 43. Rd1 Rg7 44. Rd3
Rg1 45. Rh3 Re1+ 46. Ne3 Kg7 47. Kd3 Rc8 48. Nc4 Rd1+ 49. Ke4 Rc1 50. Rd3
Re1+ 51. Re3 Rh1 52. h3 Rd8 53. Ne5 Rd1 54. Rd3 Re1+ 55. Re3 Rxe3+ 56. Kxe3
Rc8 57. Nc4 Kf6 58. Ke4 Rg8 59. a5 Rg1 60. Nb6 Rg7 61. d5 Ra7 62. Nc4 Ra6
63. d6 Ra7 64. Kd4 Kf5 65. Ke3 h5 66. Nb6 Rb7 67. d7 Rb8 68. Nc8 {Black
resigns} 1-0

[Event "ICC tourney 2040 (30 10)"]
[Site "Internet Chess Club"]
[Date "2020.10.04"]
[Round "1"]
[White "che2468"]
[Black "icyblizzard"]
[Result "0-1"]
[ICCResult "White forfeits on time"]
[WhiteElo "1387"]
[BlackElo "2053"]
[Opening "Pirc: Byrne variation"]
[ECO "B07"]
[NIC "PU.09"]
[Time "11:07:22"]
[TimeControl "1800+10"]

1. d4 Nf6 2. Nc3 g6 3. e4 d6 4. Bg5 Bg7 5. Nf3 c6 6. Qd2 b5 7. d5 b4 8. Bxf6
Bxf6 9. Nd1 c5 10. h4 h5 11. Ng5 Nd7 12. f4 Nb6 13. c3 a5 14. a3 bxc3 15.
Nxc3 Bd7 16. Be2 Rb8 17. Rb1 Na4 18. Nxa4 Bxa4 19. b4 axb4 20. axb4 Qb6 21.
b5 Ra8 22. f5 Qa5 23. Qxa5 Rxa5 24. b6 Bc3+ 25. Kf1 O-O 26. b7 Rb8 27. g4
hxg4 28. Bxg4 Rb5 29. Rc1 Bf6 30. fxg6 fxg6 31. Be6+ Kg7 32. Bc8 Rb6 33.
Ne6+ Kf7 34. h5 gxh5 35. Rxh5 Bb5+ 36. Kg1 Ba6 37. Rh7+ Kg8
{White forfeits on time}
0-1

[Event "ICC tourney 2040 (30 10)"]
[Site "Internet Chess Club"]
[Date "2020.10.04"]
[Round "1"]
[White "speedyplot"]
[Black "CoolBoy2020"]
[Result "0-1"]
[ICCResult "White resigns"]
[WhiteElo "1779"]
[BlackElo "2194"]
[Opening "Sicilian: Kan, 5.Bd3"]
[ECO "B42"]
[NIC "SI.42"]
[Time "11:07:25"]
[TimeControl "1800+10"]

1. e4 c5 2. Nf3 e6 3. d4 cxd4 4. Nxd4 a6 5. Bd3 Qc7 6. O-O Nf6 7. Kh1 Nc6 8.
Nxc6 dxc6 9. Bg5 Be7 10. f4 e5 11. f5 b5 12. a4 Bb7 13. Nd2 Rd8 14. Qe2 h6
15. Bh4 Rd6 16. Nf3 Rd8 17. Rad1 O-O 18. h3 Rfe8 19. Nh2 Rd4 20. Bxf6 Bxf6
21. Ng4 Qe7 22. axb5 cxb5 23. Rf3 Red8 24. Rdf1 Kh7 25. Rg3 R4d6 26. Qe3 Rc8
27. Nxf6+ Qxf6 28. Rgf3 Rd4 29. Kh2 b4 30. g4 Rcd8 31. b3 a5 32. Ra1 Ba6 33.
Qe2 Bxd3 34. cxd3 Qa6 35. Rd1 Rc8 36. h4 Rc3 37. g5 Qc6 38. Rd2 Rxb3 39.
gxh6 Qxh6 40. h5 a4 41. f6 g6 42. Rh3 Qf4+ 43. Kg2 g5 44. Rf3 Qg4+ 45. Kh2
Rxe4 46. Qf1 Rf4 47. Rdf2 Rxf3 48. Rxf3 Rb2+ 49. Kh1 Rb1 50. Qxb1 Qxf3+ 51.
Kg1 b3 52. d4+ e4 53. d5 a3 54. d6 a2 55. Qc1 Qxf6 56. d7 a1=Q 57. Qxa1
Qxa1+ 58. Kg2 Qd4 {White resigns} 0-1

[Event "ICC tourney 2040 (30 10)"]
[Site "Internet Chess Club"]
[Date "2020.10.04"]
[Round "1"]
[White "dopolian"]
[Black "Leolix"]
[Result "1-0"]
[ICCResult "Black resigns"]
[WhiteElo "2362"]
[BlackElo "1944"]
[Opening "Sicilian, Szén (`anti-Taimanov') variation"]
[ECO "B44"]
[NIC "SI.39"]
[Time "11:07:20"]
[TimeControl "1800+10"]

1. e4 c5 2. Nf3 e6 3. d4 cxd4 4. Nxd4 Nc6 5. Nb5 d5 6. exd5 exd5 7. Qxd5
Qxd5 8. Nc7+ Kd8 9. Nxd5 Be6 10. Nbc3 Bb4 11. Bd2 Nge7 12. Nxb4 Nxb4 13.
O-O-O Ke8 14. Bb5+ Nbc6 15. Rhe1 a6 16. Ba4 b5 17. Bb3 Bxb3 18. axb3 f6 19.
Bf4 Kf7 20. Rd7 Rhd8 21. Red1 Rxd7 22. Rxd7 g5 23. Bg3 f5 24. f3 f4 25. Bf2
Ke6 26. Rd2 Nf5 27. Ne4 h6 28. Nc5+ Kf6 29. Rd7 Re8 30. Kd2 a5 31. Rd5 Nb4
32. Nd7+ Ke6 33. Re5+ Kxd7 34. Rxf5 Nxc2 35. Rxb5 Ne3 36. Bxe3 Rxe3 37. Rb6
Re6 38. Rxe6 Kxe6 39. Kc3 Kd5 40. Kd3 h5 41. h3 Kc5 42. Kc3 h4 43. b4+ axb4+
44. Kd3 b3 45. Kc3 Kd5 46. Kxb3 Kd4 47. Kc2 Ke3 48. b4 Kf2 49. b5 Kxg2 50.
b6 Kxh3 51. b7 Kg2 52. b8=Q h3 53. Qg8 h2 54. Qxg5+ Kf2 55. Qh4+ Kg2 56. Kd3
h1=Q 57. Qxh1+ Kxh1 58. Ke4 {Black resigns} 1-0

[Event "ICC tourney 2040 (30 10)"]
[Site "Internet Chess Club"]
[Date "2020.10.04"]
[Round "1"]
[White "StaciaMelinda"]
[Black "IAlwaysWin"]
[Result "0-1"]
[ICCResult "White resigns"]
[WhiteElo "1664"]
[BlackElo "2128"]
[Opening "Caro-Kann: Panov-Botvinnik attack, 5...e6"]
[ECO "B14"]
[NIC "CK.03"]
[Time "11:07:43"]
[TimeControl "1800+10"]

1. e4 c6 2. d4 d5 3. exd5 cxd5 4. c4 Nf6 5. Nc3 e6 6. Nf3 Nc6 7. cxd5 Nxd5
8. Bd3 Be7 9. O-O O-O 10. Re1 Bf6 11. Qe2 g6 12. Bh6 Re8 13. Qe4 Nxc3 14.
bxc3 Bd7 15. h4 Rc8 16. Rac1 Qa5 17. Qf4 Bg7 18. Bxg7 Kxg7 19. Ng5 f5 20. h5
e5 21. h6+ Kh8 22. Nf7+ Kg8 23. Nxe5 Nxe5 24. dxe5 Rxc3 25. Rxc3 Qxc3 26.
Bc4+ Be6 27. Bxe6+ Rxe6 28. Rc1 Qxe5 29. Rc8+ Kf7 30. Qc4 Kf6 31. Rf8+ Kg5
32. f4+ Qxf4 33. Qxe6 Qc1+ 34. Kf2 Qf4+ 35. Ke2 Qg4+ 36. Kd2 Qb4+ 37. Ke2
Qxf8 38. Qe3+ f4 39. Qxa7 Qe7+ 40. Kf1 Kxh6 41. Qf2 g5 42. g3 Qe3 43. Qh2+
Kg7 44. gxf4 Qxf4+ 45. Qxf4 gxf4 46. Kf2 Kf6 47. Kf3 Kf5 {White resigns} 0-1

[Event "ICC tourney 2040 (30 10)"]
[Site "Internet Chess Club"]
[Date "2020.10.04"]
[Round "1"]
[White "ASharikov"]
[Black "drberkley"]
[Result "1/2-1/2"]
[ICCResult "Game drawn by repetition"]
[WhiteElo "2281"]
[BlackElo "1927"]
[Opening "King's Indian: Averbakh system"]
[ECO "E73"]
[NIC "KI.26"]
[Time "11:07:24"]
[TimeControl "1800+10"]

1. d4 Nf6 2. c4 g6 3. Nc3 Bg7 4. e4 d6 5. Be2 O-O 6. Bg5 h6 7. Be3 Nbd7 8.
Qd2 Kh7 9. h4 c5 10. d5 Ne5 11. f3 h5 12. Nh3 Bxh3 13. Rxh3 Qd7 14. Rh1 a6
15. a4 Rfb8 16. Kf2 b6 17. Rhd1 Rb7 18. Kg1 Rab8 19. Rab1 a5 20. b3 Ng8 21.
Bf1 Nf6 22. Qe2 Rg8 23. g3 Rbb8 24. Rbc1 Bh6 25. Bg5 Bxg5 26. hxg5 Ne8 27.
Kh2 f5 28. Bh3 Ng7 29. Re1 Rbe8 30. Kg2 Rgf8 31. Rh1 Kg8 32. f4 Ng4 33. Bxg4
fxg4 34. Nd1 e6 35. Ne3 e5 36. f5 gxf5 37. exf5 Nxf5 38. Rxh5 Nxe3+ 39. Qxe3
Qf5 40. Rh6 Rd8 41. Re1 Rd7 42. Qe4 Qf2+ 43. Kh1 Qf3+ 44. Kh2 Qf2+ 45. Kh1
Qf3+ 46. Kh2 Qf2+ 47. Kh1 Qf3+ 48. Kh2 Qf2+ 49. Kh1 Qf3+ 50. Kh2 Qf2+ 51.
Kh1 Qf3+ 52. Kh2 {Game drawn by repetition} 1/2-1/2

[Event "ICC tourney 2040 (30 10)"]
[Site "Internet Chess Club"]
[Date "2020.10.04"]
[Round "1"]
[White "Joshua1"]
[Black "BBCC2020"]
[Result "0-1"]
[ICCResult "White resigns"]
[WhiteElo "1844"]
[BlackElo "2210"]
[Opening "QGD: 3.Nc3"]
[ECO "D31"]
[NIC "QP.08"]
[Time "11:07:23"]
[TimeControl "1800+10"]

1. d4 d5 2. c4 e6 3. Nc3 Bb4 4. a3 Bxc3+ 5. bxc3 Ne7 6. cxd5 exd5 7. e3 Bf5
8. Ne2 O-O 9. Ng3 Bg6 10. Bd3 Bxd3 11. Qxd3 Nd7 12. O-O c5 13. a4 Re8 14. f3
Nc6 15. Bb2 Rc8 16. Rac1 cxd4 17. cxd4 Nb6 18. e4 Nxa4 19. Ba1 Nb6 20. e5
Nc4 21. f4 b5 22. f5 Qg5 23. Rce1 a5 24. f6 g6 25. Re2 b4 26. Nf5 gxf5 27.
Rf3 Kh8 28. Rxf5 Qg6 29. Qh3 Nd8 30. Rf4 Ne6 31. Rg4 Qb1+ 32. Kf2 Qxa1 33.
Qh6 Qb1 34. Rg7 Qf5+ 35. Kg1 Ne3 36. Re1 Ng4 37. Qh3 Qf2+ {White resigns}
0-1

[Event "ICC tourney 2040 (30 10)"]
[Site "Internet Chess Club"]
[Date "2020.10.04"]
[Round "1"]
[White "largecrab"]
[Black "Natey"]
[Result "1-0"]
[ICCResult "Black checkmated"]
[WhiteElo "2138"]
[BlackElo "1688"]
[Opening "Giuoco Piano"]
[ECO "C54"]
[NIC "IG.02"]
[Time "11:07:19"]
[TimeControl "1800+10"]

1. e4 e5 2. Nf3 Nc6 3. Bc4 Bc5 4. c3 Nf6 5. d3 d6 6. O-O a6 7. Bg5 h6 8. Bh4
O-O 9. Nbd2 Be6 10. Bd5 Re8 11. Nc4 g5 12. Nxg5 Bxd5 13. exd5 Nxd5 14. Nf3
Qd7 15. Qd2 Re6 16. Ne3 Nxe3 17. fxe3 Ne7 18. d4 Bb6 19. Qf2 Nf5 20. e4 Nxh4
21. Qxh4 Qe7 22. Qg4+ Rg6 23. Qf5 Rf6 24. Qh5 exd4 25. Nxd4 Bxd4+ 26. cxd4
Rf8 27. Rxf6 Qxf6 28. e5 dxe5 29. Rf1 Qd6 30. dxe5 Qg6 31. Qh4 Re8 32. Qf4
Re6 33. Rf3 Qb1+ 34. Rf1 Qg6 35. h4 Kf8 36. Qb4+ Re7 37. Rf6 Qb1+ 38. Kh2
Qxa2 39. Rxh6 Qd5 40. Rh8+ Kg7 41. Qxe7 Kxh8 42. Qxc7 Kg7 43. Qd6 Qe4 44.
Qf6+ Kg8 45. h5 Qg4 46. h6 b5 47. b4 Kh7 48. Qxf7+ Kxh6 49. Qf6+ Qg6 50. g4
Qxf6 51. exf6 Kg6 52. g5 a5 53. bxa5 b4 54. a6 b3 55. a7 b2 56. a8=Q b1=Q
57. Qg8+ Kh5 58. Kg3 Qd3+ 59. Kf4 Qd4+ 60. Kf5 Qd3+ 61. Ke5 Qc3+ 62. Kd6
Qd4+ 63. Ke7 Qc5+ 64. Kf7 Qd5+ 65. Kf8 Qc5+ 66. Ke8 Qb5+ 67. Ke7 Qc5+ 68.
Kd7 Qb5+ 69. Kd6 Qb6+ 70. Ke5 Qc7+ 71. Kd4 Qb6+ 72. Ke4 Qb1+ 73. Kf4 Qb4+
74. Ke5 Qc3+ 75. Kd6 Qb4+ 76. Kc6 Qa4+ 77. Kc5 Qa5+ 78. Kd6 Qb6+ 79. Kd7
Qb7+ 80. Ke8 Qc8+ 81. Kf7 Qd7+ 82. Kf8 Qd6+ 83. Kg7 Qe5 84. Qh7+ Kxg5 85.
Qg6+ Kf4 86. Kh6 Qd6 87. f7 Qe7 88. Kg7 Ke5 89. Kg8 Qd8+ 90. f8=Q Qd5+ 91.
Qff7 Qd8+ 92. Kg7 Qd1 93. Qge6+ Kd4 94. Qfd7+ Kc5 95. Qec6+ Kb4 96. Qdb7+
Ka3 97. Qca6+ Qa4 98. Qd3+ Ka2 99. Qd2+ Ka3 100. Qdb2# {Black checkmated}
1-0

[Event "ICC tourney 2040 (30 10)"]
[Site "Internet Chess Club"]
[Date "2020.10.04"]
[Round "1"]
[White "RisingRook"]
[Black "conch"]
[Result "0-1"]
[ICCResult "White resigns"]
[WhiteElo "1962"]
[BlackElo "2445"]
[Opening "Sicilian: Canal-Sokolsky (Nimzovich-Rossolimo, Moscow) attack"]
[ECO "B51"]
[NIC "SI.01"]
[Time "11:07:15"]
[TimeControl "1800+10"]

1. e4 c5 2. Nf3 d6 3. Bb5+ Nd7 4. O-O a6 5. Bd3 Ngf6 6. c3 b5 7. Bc2 c4 8.
d4 cxd3 9. Bxd3 Nc5 10. Bc2 Bb7 11. e5 dxe5 12. Nxe5 e6 13. Qxd8+ Rxd8 14.
Nd2 Bd6 15. Ndf3 Nd5 16. Nd3 O-O 17. Nxc5 Bxc5 18. Bd2 Rd6 19. Rad1 h6 20.
Bc1 Rfd8 21. Ne5 f6 22. Nd3 Bb6 23. Nf4 Kf7 24. Rfe1 Nxf4 25. Bxf4 Rxd1 26.
Rxd1 Rxd1+ 27. Bxd1 Bd5 28. Bb3 Bxb3 29. axb3 e5 30. Be3 Bc7 31. c4 Ke6 32.
Kf1 e4 33. h3 Be5 34. Bc1 Kd6 35. g4 bxc4 36. bxc4 Kc5 37. Ke2 Kxc4 38. Ke3
Kb3 39. Kxe4 Bxb2 40. Bd2 Bc3 41. Be3 a5 42. Bc5 a4 43. Kd3 Be5 44. Ke4 Bc3
45. Kd3 Bb4 46. Bd4 Bd6 47. Ke3 a3 48. f4 a2 49. g5 Bc5 {White resigns} 0-1

[Event "ICC tourney 2040 (30 10)"]
[Site "Internet Chess Club"]
[Date "2020.10.04"]
[Round "1"]
[White "WonderZ"]
[Black "Ryan123455"]
[Result "1/2-1/2"]
[ICCResult "Game drawn because neither player has mating material"]
[WhiteElo "2079"]
[BlackElo "1664"]
[Opening "Trompowsky attack (Ruth, Opocenský opening)"]
[ECO "A45"]
[NIC "QP.07"]
[Time "11:07:28"]
[TimeControl "1800+10"]

1. d4 Nf6 2. Bg5 g6 3. Bxf6 exf6 4. e3 Bg7 5. g3 f5 6. Bg2 O-O 7. Ne2 Nc6 8.
c4 Qe7 9. O-O Qb4 10. Qc2 d6 11. a3 Qb6 12. Nbc3 Ne7 13. b4 c5 14. bxc5 dxc5
15. Na4 Qc7 16. Nxc5 Nc6 17. Rac1 b6 18. Nd3 Bb7 19. Nef4 Ne7 20. d5 Rfd8
21. Rfd1 Rac8 22. Qa4 Qb8 23. Nb4 Rc5 24. d6 Nc8 25. d7 Ne7 26. Nfd5 Nxd5
27. Bxd5 Ra5 28. Qb3 Rxd7 29. Bxb7 Qxb7 30. Rxd7 Qxd7 31. Rd1 Qa4 32. Qd3
Qxa3 33. Qd8+ Bf8 34. Nd5 Ra4 35. Nf6+ Kg7 36. Ne8+ Kg8 37. Rd7 Qc1+ 38. Kg2
Qxc4 39. Nf6+ Kg7 40. e4 fxe4 41. Ne8+ Kg8 42. Nf6+ Kg7 43. Rc7 Qd4 44. Ne8+
Kg8 45. Nf6+ Kg7 46. Nd7 Qd6 47. Rc8 Ra2 48. Qe8 e3 49. Qxf8+ Qxf8 50. Nxf8
e2 51. Re8 e1=Q 52. Rxe1 Kxf8 53. Rc1 Rb2 54. Rc8+ Kg7 55. Kf1 a5 56. h4 b5
57. Ra8 a4 58. Ke1 Rb3 59. Kd2 b4 60. Rxa4 Rb2+ 61. Ke3 Kf6 62. Ra5 Ke6 63.
f3 Rg2 64. Kf4 b3 65. Rb5 b2 66. g4 Re2 67. h5 g5+ 68. Kg3 Kd6 69. Rb8 Kc5
70. f4 gxf4+ 71. Kxf4 Kc4 72. Kg5 Kc3 73. Rc8+ Kb3 74. Rb8+ Kc2 75. Rc8+ Kb1
76. Kf6 Rc2 77. Rb8 Kc1 78. Kxf7 Rc7+ 79. Kf6 b1=Q 80. Rxb1+ Kxb1 81. g5 Kc2
82. g6 hxg6 83. hxg6 Kd3 84. g7 Rxg7 85. Kxg7
{Game drawn because neither player has mating material}
1/2-1/2

[Event "ICC tourney 2040 (30 10)"]
[Site "Internet Chess Club"]
[Date "2020.10.04"]
[Round "1"]
[White "goodFriday"]
[Black "VincentT2008"]
[Result "1-0"]
[ICCResult "Black resigns"]
[WhiteElo "2208"]
[BlackElo "1800"]
[Opening "Ruy Lopez: closed, Chigorin, 12...c5d4"]
[ECO "C99"]
[NIC "RL.24"]
[Time "11:07:20"]
[TimeControl "1800+10"]

1. e4 e5 2. Nf3 Nc6 3. Bb5 a6 4. Ba4 Nf6 5. O-O Be7 6. Re1 b5 7. Bb3 d6 8.
c3 O-O 9. h3 Na5 10. Bc2 c5 11. d4 Qc7 12. Nbd2 cxd4 13. cxd4 Bd7 14. Nf1
Nc6 15. Be3 Rfc8 16. Rc1 Qb7 17. Ng3 Rc7 18. Bb3 h6 19. Qd2 Bf8 20. a3 Re8
21. d5 Ne7 22. Rxc7 Qxc7 23. Rc1 Qb7 24. Ne1 Rc8 25. Nd3 Rxc1+ 26. Qxc1 a5
27. Qc3 a4 28. Bd1 Nc8 29. Be2 Be7 30. Nc1 Bd8 31. Na2 Bb6 32. Qb4 Bxe3 33.
fxe3 Qb6 34. Kf2 Ne8 35. Nc3 Nc7 36. Nf5 Kh7 37. g4 g6 38. Ng3 Na6 39. Nxa4
Qb7 40. Qa5 bxa4 41. Qxa6 Qxb2 42. Qa5 Qb6 43. Qxb6 Nxb6 44. h4 Na8 45. Ke1
Nc7 46. Bd1 Na6 47. Kd2 Kg7 48. Kc3 Kf8 49. Be2 Nc5 50. Kb4 Ke7 51. Ka5 Nb3+
52. Kb4 Nc5 53. Bd1 Kd8 54. Ka5 Kc7 55. h5 Nb3+ 56. Kb4 Nc5 57. g5 gxh5 58.
gxh6 h4 59. Nh1 Nxe4 60. h7 f5 61. h8=Q {Black resigns} 1-0